 Dungeon Crawl Stone Soup version 0.21-a0-28-g9a7844a (webtiles) character file.

124 Firecrotchwizard the Firebug (level 4, -4/33 HPs)
             Began as a Draconian Fire Elementalist on May 26, 2017.
             Slain by a gnoll
             ... wielding a +0 spear
              (5 damage)
             ... on level 3 of the Dungeon.
             The game lasted 00:05:36 (2425 turns).

Firecrotchwizard the Firebug (DrFE)                 Turns: 2425, Time: 00:05:37

Health: -4/33      AC:  5    Str: 15    XL:     4   Next: 81%
Magic:  1/8        EV: 12    Int: 16    God:
Gold:   95         SH:  0    Dex: 11    Spells: 4/9 levels left

rFire    . . .     SeeInvis .   r - +2 flail (drain)
rCold    . . .     Gourm    .   (no shield)
rNeg     . . .     Faith    .   (armour unavailable)
rPois    .         Spirit   .   (helmet restricted)
rElec    .         Reflect  .   (no cloak)
rCorr    .         Harm     .   (no gloves)
MR       .....                  (no boots)
Stlth    ++........             (no amulet)
Regen    0.2/turn               m - +4 ring of strength
MPRegen  0.2/turn               (no ring)

@: very slightly contaminated
A: unfitting armour, cold-blooded, AC +5
a: no special abilities


You were on level 3 of the Dungeon.
You were not hungry.

You visited 1 branch of the dungeon, and saw 3 of its levels.

You collected 95 gold pieces.

Inventory:

Hand Weapons
 d - a +0 dagger
   (You took it off a kobold on level 1 of the Dungeon)
 r - a +2 flail of draining (weapon)
   (You took it off an orc on level 3 of the Dungeon)
Jewellery
 m - a +4 ring of strength (left hand)
   (You found it on level 2 of the Dungeon)
Scrolls
 e - a scroll of identify {unknown}
 f - a scroll of teleportation {unknown}
 i - a scroll of random uselessness {unknown}
 j - a scroll of noise {unknown}
 k - a scroll of enchant armour {unknown}
 n - a scroll of amnesia {unknown}
 o - a scroll of remove curse {unknown}
Potions
 g - a potion of flight {unknown}
 l - 2 potions of ambrosia {unknown}
 p - a potion of brilliance {unknown}
Books
 a - a book of Flames
Comestibles
 b - a bread ration {@e1}
 c - a chunk of flesh {@w0}
 h - 4 meat rations {@e2}


   Skills:
 - Level 1.7 Dodging
 - Level 1.7 Stealth
 + Level 3.0 Spellcasting
 * Level 2.8 Conjurations
 + Level 4.0 Fire Magic


You had 4 spell levels left.
You knew the following spells:

 Your Spells              Type           Power        Failure   Level  Hunger
a - Flame Tongue          Conj/Fire      ##...        4%          1    #......
s - Sticky Flame          Conj/Fire      ##......     41%         4    #####..


Dungeon Overview and Level Annotations

Branches:
Dungeon (3/15)

Altars:


Innate Abilities, Weirdness & Mutations

Your plain brown scales are hard. (AC +5)
You cannot fit into any form of body armour.
You are cold-blooded and may be slowed by cold attacks.


Message History

The flame tongue hits the orc.
You kill the orc!
You now have 3/8 mp.
You start resting.
Your magical contamination has completely faded away.
You regained 2 mp, and now have 5/8 mp.
You start resting.
An orc comes into view. It is wielding a dagger.
An orc is nearby!
r - a flail of draining
There is an open door here.
There are no items here.
You sense an unholy aura.
r - a +2 flail of draining (weapon)
You start resting.
An orc is nearby!
Aim: an orc, wielding a dagger and wearing a leather armour (hasn't noticed you)
You throw a javelin. The orc shouts!
The javelin hits the orc.
Aim: an orc, wielding a dagger and wearing a leather armour (moderately wounded)
You throw a javelin. The javelin barely misses the orc.
A gnoll comes into view. It is wielding a spear.
An orc comes into view.
The orc hits you but does no damage.
An ooze comes into view.
The ooze quivers.
The orc shouts!
You sock the orc!
You kill the orc!
The ooze jiggles.
A gnoll and an orc come into view.
A dart slug comes into view.
The gnoll misses you.
Items here: $ ) ? [ † a dagger; a leather armour; a scroll labeled RUAFRER DOVIU; 6 gold pieces an orc corpse You barely miss the gnoll.
The gnoll hits you with a spear.
A gnoll comes into view. It is wielding a spear.
You take 5 damage, and have 28/33 hp.
You closely miss the gnoll.
The gnoll shouts!
The orc shouts!
You tail-slap the gnoll, but do no damage.
The gnoll misses you. The gnoll closely misses you.
The orc completely misses you.
MP restored: 8 The gnoll hits you from afar with a spear.
The orc throws a stone.
The stone misses you.
A gnoll comes into view. It is wielding a flail.
You take 4 damage, and have 24/33 hp.
Aim: a gnoll, wielding a spear The flame tongue misses the gnoll.
The flame tongue hits the ooze.
The gnoll misses you.
You now have 7/8 mp.
The orc throws a stone.
The stone barely misses you.
There is an open door here.
You see here a bat corpse.
You butcher the bat corpse.
Things that are here:
a chunk of flesh {@w0}; a bat skeleton
Aim: a gnoll, wielding a spear The flame tongue hits the gnoll.
The gnoll hits you with a spear.
The gnoll hits you from afar with a spear.
You take 7 damage, and have 18/33 hp.
MASSIVE DAMAGE!!
You now have 6/8 mp.
Aim: a gnoll, wielding a spear The flame tongue hits the gnoll.
The gnoll closely misses you.
The gnoll hits you from afar with a spear.
You take 1 damage, and have 17/33 hp.
You now have 5/8 mp.
Aim: a gnoll, wielding a spear The flame tongue hits the gnoll.
The gnoll hits you with a spear. The gnoll closely misses you.
You take 6 damage, and have 11/33 hp.
Aim: a gnoll, wielding a spear The flame tongue hits the gnoll.
You kill the gnoll!
Your Spellcasting skill increases to level 3!
The gnoll misses you.
The orc throws a stone.
The stone barely misses you.
You now have 4/8 mp.
Aim: a gnoll, wielding a spear You miscast Flame Tongue.
You are very lightly contaminated with residual magic.
Nothing appears to happen.
The gnoll hits you from afar with a spear.
* * * LOW HITPOINT WARNING * * *
The ooze hits you but does no damage.
You take 4 damage, and have 7/33 hp.
You now have 3/8 mp.
Aim: a gnoll, wielding a spear The flame tongue hits the ooze.
You kill the ooze!
The gnoll hits you from afar with a spear.
* * * LOW HITPOINT WARNING * * *
The orc throws a stone.
The stone hits you.
* * * LOW HITPOINT WARNING * * *
You take 6 damage, and have 1/33 hp.
You now have 2/8 mp.
Aim: a gnoll, wielding a spear The flame tongue hits the gnoll.
The gnoll hits you from afar with a spear.
You die...

#...#. '...' #((.#
#...# #og.# ####
#.gw# ....... ##..(#
#oJ.#
#......##%....##gg.#
#......#......@#...#
#......#..!....ggg.+
#......#.......#o..#
#....##.....##...#
#.....##...##....#
#....[.#####..(.##
#....#..........#
#....########...#
#....########...#


You could see 3 gnolls and an orc.

Vanquished Creatures
  2 gnolls
  2 adders
  4 oozes
  A worm (D:2)
  2 dart slugs
  2 leopard geckos
  2 orcs (D:3)
  7 bats
  7 giant cockroaches (D:1)
  6 goblins
  A hobgoblin (D:2)
  3 jackals
  7 frilled lizards
  8 kobolds
  7 rats
61 creatures vanquished.

Notes
Turn   | Place    | Note
-------+----------+-------------------------------------------
     0 | D:1      | Firecrotchwizard the Draconian Fire Elementalist began the quest for the Orb.
     0 | D:1      | Reached XP level 1. HP: 14/14 MP: 3/3
     1 | D:1      | Found a runed door.
   200 | D:1      | Reached XP level 2. HP: 20/20 MP: 5/5
  1069 | D:1      | Reached XP level 3. HP: 20/26 MP: 2/6
  1481 | D:2      | Reached skill level 2 in Conjurations
  1664 | D:2      | Reached XP level 4. HP: 33/33 MP: 8/8
  2076 | D:2      | Reached skill level 4 in Fire Magic
  2335 | D:3      | Learned a level 4 spell: Sticky Flame
  2422 | D:3      | Reached skill level 3 in Spellcasting
  2423 | D:3      | HP: 7/33 [gnoll/spear (5)]
  2424 | D:3      | HP: 2/33 [gnoll/spear (5)]
  2425 | D:3      | Slain by a gnoll

Vault maps used:
D:1:      dpeg_arrival_caged_fury
D:2:      cheibrodos_gnoll_hut
D:3:      kennysheep_six_static_rooms

Skill      XL: |  1  2  3  4 |
---------------+-------------+-----
Conjurations   | 2 |  2.8
Fire Magic     | 4 |  4.0
Spellcasting   | 3 |  3.0
Dodging        | |  1.7
Stealth        | |  1.7

Action                   |  1- 3 |  4- 6 || total
-------------------------+-------+-------++-------
Melee: Unarmed           |    12 |       ||    12
       Dagger            |    88 |    19 ||   107
       Tailslap          |    11 |     8 ||    19
       Flail             |       |     3 ||     3
Throw: Javelin           |       |     6 ||     6
 Cast: Flame Tongue      |    41 |    26 ||    67
 Stab: Sleeping          |     2 |       ||     2
  Eat: Chunk             |     3 |     2 ||     5
Armor: Skin              |    38 |     8 ||    46
Dodge: Dodged            |    84 |    29 ||   113

Vault maps used:
D:1:      dpeg_arrival_caged_fury
D:2:      cheibrodos_gnoll_hut
D:3:      kennysheep_six_static_rooms

Table legend:
 A = Turns spent in this place as a percentage of turns spent in the entire game.
 B = Non-inter-level travel turns spent in this place as a percentage of non-inter-level travel turns spent in the entire game.
 C = Inter-level travel turns spent in this place as a percentage of turns spent in this place.
 D = Turns resting spent in this place as a percentage of non-inter-level travel turns spent in this place.
 E = Turns spent auto-exploring this place as a percentage of non-inter-level travel turns spent in this place.
 F = Non-inter-level travel turns spent in this place divided by the number of levels of this place that you've seen.
                   A       B       C       D       E      F
               +-------+-------+-------+-------+-------+----------------------
         Total | 100.0 | 100.0 |   0.5 |   8.3 |  10.3 | 208.0
       Dungeon | 100.0 | 100.0 |   0.5 |   8.3 |  10.3 | 208.0
               +-------+-------+-------+-------+-------+----------------------

Table legend:
 A = Kills in this place as a percentage of kills in entire the game.
 B = Kills by you in this place as a percentage of kills by you in the entire game.
 C = Kills by friends in this place as a percentage of kills by friends in the entire game.
 D = Other kills in this place as a percentage of other kills in the entire game.
 E = Experience gained in this place as a percentage of experience gained in the entire game.
 F = Experience gained in this place divided by the number of levels of this place that you have seen.
                   A       B       C       D       E      F
               +-------+-------+-------+-------+-------+----------------------
         Total | 100.0 | 100.0 |  -nan |  -nan | 100.0 |  59.3
       Dungeon | 100.0 | 100.0 |  -nan |  -nan | 100.0 |  59.3
               +-------+-------+-------+-------+-------+----------------------
